APL (24 & UNDER)
BEAVERTON BRONZE SOULS @ KENOSHA KINGFISH
08/05/2028
 
TOP OF THE 1ST
Beaverton Bronze Souls batting - Pitching for Kenosha Kingfish : RHP Rafael Marín
Pitching: RHP Rafael Marín
Batting: RHB Rubén Ramírez 0-0: Ball
1-0: Foul Ball, location: 2F
1-1: Fly out, F8 (Flyball, 8LS)
Batting: LHB Gabriel Aguilera 0-0: Called Strike
0-1: Foul Ball, location: 2F
0-2: Ground out U3 (Groundball, 34)
Batting: RHB José Dávila 0-0: Ball
1-0: Foul Ball, location: 2F
1-1: Ball
2-1: Ball
3-1: Base on Balls
Batting: RHB Michael Fisher 0-0: Ball
José Dávila steals 2nd base
1-0: Called Strike
1-1: Ball
2-1: Ball
3-1: Base on Balls
Batting: RHB Vincente López 0-0: Fly out, F6 (Popup, 56D)
Top of the 1st over - 0 run(s), 0 hit(s), 0 error(s), 2 left on base; Beaverton 0 - Kenosha 0
BOTTOM OF THE 1ST
Kenosha Kingfish batting - Pitching for Beaverton Bronze Souls : LHP Al McGuire
Pitching: LHP Al McGuire
Batting: LHB Miguel Gómez 0-0: Called Strike
0-1: Swinging Strike
0-2: Ground out U3 (Groundball, 34)
Batting: RHB Ron Campbell 0-0: Foul Ball, location: 2F
0-1: Foul Ball, location: 2F
0-2: Strikes out looking
Batting: RHB Alejandro Ramírez 0-0: Called Strike
0-1: Foul Ball, location: 2F
0-2: Strikes out swinging
Bottom of the 1st over - 0 run(s), 0 hit(s), 0 error(s), 0 left on base; Beaverton 0 - Kenosha 0
TOP OF THE 2ND
Beaverton Bronze Souls batting - Pitching for Kenosha Kingfish : RHP Rafael Marín
Batting: LHB Cade Brown 0-0: Ground out 3-1 (Groundball, 34S)
Batting: LHB Chris White 0-0: Ball
1-0: Called Strike
1-1: Called Strike
1-2: Strikes out swinging
Batting: LHB Clinton O'Brien 0-0: Foul Ball, location: 2F
0-1: Ball
1-1: Swinging Strike
1-2: Ball
2-2: Foul Ball, location: 2F
2-2: Strikes out looking
Top of the 2nd over - 0 run(s), 0 hit(s), 0 error(s), 0 left on base; Beaverton 0 - Kenosha 0
BOTTOM OF THE 2ND
Kenosha Kingfish batting - Pitching for Beaverton Bronze Souls : LHP Al McGuire
Batting: RHB Andrés Bustamante 0-0: Ball
1-0: Foul Ball, location: 2F
1-1: Foul Ball, location: 2F
1-2: Strikes out looking
Batting: LHB Juan Rodríguez 0-0: Fly out, F9 (Line Drive, 89M)
Batting: RHB Ben Kearley 0-0: SOLO HOME RUN (Flyball, 7D), Distance : 389 ft
Batting: RHB Millard Ferguson 0-0: Foul Ball, location: 2F
0-1: Ball
1-1: Foul Ball, location: 2F
1-2: Ball
2-2: Foul Ball, location: 2F
2-2: SINGLE (Groundball, 34D)
Batting: RHB Juan Escalante 0-0: Called Strike
0-1: Fielders Choice at 2nd, 6-4 (Groundball, 6)
Bottom of the 2nd over - 1 run(s), 2 hit(s), 0 error(s), 0 left on base; Beaverton 0 - Kenosha 1
TOP OF THE 3RD
Beaverton Bronze Souls batting - Pitching for Kenosha Kingfish : RHP Rafael Marín
Batting: RHB Ed Nygaard 0-0: Ball
1-0: Swinging Strike
1-1: Swinging Strike
1-2: Strikes out swinging
Batting: RHB Rubén Ramírez 0-0: Ball
1-0: Ball
2-0: Ball
3-0: Swinging Strike
3-1: Base on Balls
Batting: LHB Gabriel Aguilera 0-0: Called Strike
0-1: Ball
1-1: Swinging Strike
1-2: Ball
2-2: Foul Ball, location: 2F
2-2: Strikes out swinging
Batting: RHB José Dávila 0-0: Ball
Rubén Ramírez steals 2nd base
1-0: Called Strike
1-1: Swinging Strike
1-2: Ball
2-2: SINGLE (Line Drive, 7S)
Rubén Ramírez to third
Runner from 3rd tries for Home, SAFE, no throw
Batting: RHB Michael Fisher 0-0: Called Strike
0-1: Swinging Strike
0-2: Ball
1-2: Strikes out looking
Top of the 3rd over - 1 run(s), 1 hit(s), 0 error(s), 1 left on base; Beaverton 1 - Kenosha 1
BOTTOM OF THE 3RD
Kenosha Kingfish batting - Pitching for Beaverton Bronze Souls : LHP Al McGuire
Batting: RHB David Barker 0-0: Ball
1-0: Called Strike
1-1: Called Strike
1-2: Foul Ball, location: 2F
1-2: Strikes out swinging
Batting: LHB Miguel Gómez 0-0: Ball
1-0: Swinging Strike
1-1: SINGLE (Groundball, 34D)
Batting: RHB Ron Campbell 0-0: SINGLE (Groundball, 6MD)
Miguel Gómez to second
Batting: RHB Alejandro Ramírez 0-0: Ball
1-0: Called Strike
1-1: Ball
Miguel Gómez steals 3rd base
Ron Campbell to second
2-1: Called Strike
2-2: Ball
3-2: SINGLE (Line Drive, 56D)
Miguel Gómez scores
Ron Campbell to third
Runner from 3rd tries for Home, SAFE, no throw
Batting: RHB Andrés Bustamante 0-0: Called Strike
0-1: Foul Ball, location: 2F
0-2: Foul Ball, location: 2F
0-2: Ball
1-2: Ball
2-2: Strikes out swinging
Batting: LHB Juan Rodríguez 0-0: Ball
1-0: Foul Ball, location: 2F
1-1: Ball
2-1: Foul Ball, location: 2F
2-2: Fly out, F9 (Line Drive, 89M)
Bottom of the 3rd over - 2 run(s), 3 hit(s), 0 error(s), 1 left on base; Beaverton 1 - Kenosha 3
TOP OF THE 4TH
Beaverton Bronze Souls batting - Pitching for Kenosha Kingfish : RHP Rafael Marín
Batting: RHB Vincente López 0-0: Ball
1-0: Called Strike
1-1: Foul Ball, location: 2F
1-2: Foul Ball, location: 2F
1-2: Ball
2-2: Foul Ball, location: 2F
2-2: Strikes out swinging
Batting: LHB Cade Brown 0-0: Ground out 3-1 (Groundball, 34)
Batting: LHB Chris White 0-0: Swinging Strike
0-1: Foul Ball, location: 2F
0-2: Ball
1-2: Foul Ball, location: 2F
1-2: Strikes out swinging
Top of the 4th over - 0 run(s), 0 hit(s), 0 error(s), 0 left on base; Beaverton 1 - Kenosha 3
BOTTOM OF THE 4TH
Kenosha Kingfish batting - Pitching for Beaverton Bronze Souls : LHP Al McGuire
Batting: RHB Ben Kearley 0-0: Ball
1-0: Called Strike
1-1: Ball
2-1: Fly out, F9 (Flyball, 89D)
Batting: RHB Millard Ferguson 0-0: Ball
1-0: Ball
2-0: Called Strike
2-1: Foul Ball, location: 2F
2-2: Ball
3-2: Strikes out looking
Batting: RHB Juan Escalante 0-0: Ground out 6-3 (Groundball, 56)
Bottom of the 4th over - 0 run(s), 0 hit(s), 0 error(s), 0 left on base; Beaverton 1 - Kenosha 3
TOP OF THE 5TH
Beaverton Bronze Souls batting - Pitching for Kenosha Kingfish : RHP Rafael Marín
Batting: LHB Clinton O'Brien 0-0: Ball
1-0: Ground out 6-3 (Groundball, 6M)
Batting: RHB Ed Nygaard 0-0: Ball
1-0: Foul Ball, location: 2F
1-1: Ball
2-1: Called Strike
2-2: Ball
3-2: Fly out, F8 (Flyball, 8RM)
Batting: RHB Rubén Ramírez 0-0: Ball
1-0: Swinging Strike
1-1: Ball
2-1: Swinging Strike
2-2: Ball
3-2: Foul Ball, location: 2F
3-2: Strikes out looking
Top of the 5th over - 0 run(s), 0 hit(s), 0 error(s), 0 left on base; Beaverton 1 - Kenosha 3
BOTTOM OF THE 5TH
Kenosha Kingfish batting - Pitching for Beaverton Bronze Souls : LHP Al McGuire
Batting: RHB David Barker 0-0: Called Strike
0-1: Called Strike
0-2: Fly out, F8 (Flyball, 89M)
Batting: LHB Miguel Gómez 0-0: Swinging Strike
0-1: Ball
1-1: Ball
2-1: Swinging Strike
2-2: Strikes out swinging
Batting: RHB Ron Campbell 0-0: Called Strike
0-1: Swinging Strike
0-2: Ball
1-2: Ball
2-2: Ball
3-2: Foul Ball, location: 2F
3-2: Reached on error, E5 (Groundball, 56)
Batting: RHB Alejandro Ramírez 0-0: Called Strike
0-1: Ball
Ron Campbell is caught stealing 2nd base
Bottom of the 5th over - 0 run(s), 0 hit(s), 1 error(s), 0 left on base; Beaverton 1 - Kenosha 3
TOP OF THE 6TH
Beaverton Bronze Souls batting - Pitching for Kenosha Kingfish : RHP Rafael Marín
Batting: LHB Gabriel Aguilera 0-0: Ball
1-0: SINGLE (Groundball, 4M) (infield hit)
Batting: RHB José Dávila 0-0: Called Strike
Gabriel Aguilera steals 2nd base
0-1: Ball
1-1: Ball
2-1: Swinging Strike
2-2: Ball
3-2: Foul Ball, location: 2F
3-2: SINGLE (Flyball, 78S)
Gabriel Aguilera to third
Runner from 3rd tries for Home, SAFE, throw made home
José Dávila to second
Pitching: RHP Pablo Suárez
Batting: RHB Michael Fisher 0-0: Called Strike
0-1: Ground out 4-3 (Groundball, 4)
José Dávila to third
Batting: RHB Vincente López 0-0: Ball
1-0: Ball
2-0: Called Strike
2-1: Ball
3-1: Base on Balls
Batting: LHB Cade Brown 0-0: Called Strike
0-1: Fly out, F9 (Flyball, 9LS)
Runner from 3rd tags up, SCORES, no throw
Batting: LHB Chris White 0-0: Ball
1-0: Swinging Strike
1-1: 2-RUN HOME RUN (Flyball, 8RXD), Distance : 441 ft
Pitching: RHP Edwin Manning
Batting: LHB Clinton O'Brien 0-0: Foul Ball, location: 2F
0-1: Called Strike
0-2: Fly out, F8 (Flyball, 8LD)
Top of the 6th over - 4 run(s), 3 hit(s), 0 error(s), 0 left on base; Beaverton 5 - Kenosha 3
BOTTOM OF THE 6TH
Kenosha Kingfish batting - Pitching for Beaverton Bronze Souls : LHP Al McGuire
Batting: RHB Alejandro Ramírez 0-0: Foul Ball, location: 2F
0-1: Hit by Pitch
Batting: RHB Andrés Bustamante 0-0: Called Strike
0-1: Foul Ball, location: 2F
0-2: Ball
1-2: Ball
2-2: DOUBLE (Line Drive, 8LXD)
Alejandro Ramírez to third
Runner from 3rd tries for Home, SAFE, no throw
Batting: LHB Juan Rodríguez 0-0: Swinging Strike
0-1: Ground out 4-3 (Groundball, 4)
Andrés Bustamante to third
Pitching: RHP Arturo García
Batting: RHB Ben Kearley 0-0: Called Strike
0-1: Swinging Strike
0-2: Reached on error, E6 (Groundball, 56)
Andrés Bustamante scores
Batting: RHB Millard Ferguson 0-0: Ball
1-0: Ball
2-0: Ground out 1-3 (Groundball, 13S)
Ben Kearley to third
Batting: RHB Juan Escalante 0-0: Foul Ball, location: 2F
0-1: DOUBLE (Flyball, 8LXD)
Ben Kearley scores
Batting: RHB David Barker 0-0: Swinging Strike
0-1: Ball
1-1: Ball
2-1: Called Strike
2-2: Foul Ball, location: 2F
2-2: Ball
3-2: Base on Balls
Batting: LHB Miguel Gómez 0-0: Ball
1-0: Called Strike
1-1: Reached on error, E3 (Groundball, 3L)
Juan Escalante to third
David Barker to second
Batting: RHB Ron Campbell 0-0: Ball
1-0: Ball
2-0: Called Strike
2-1: Swinging Strike
2-2: Ball
3-2: SINGLE (Groundball, 2L) (infield hit)
Juan Escalante scores
David Barker to third
Miguel Gómez to second
Pitching: LHP Reynaldo Vázquez
Batting: RHB Alejandro Ramírez 0-0: Ball
1-0: Called Strike
1-1: Foul Ball, location: 2F
1-2: Foul Ball, location: 2F
1-2: DOUBLE (Line Drive, 7LM)
David Barker scores
Miguel Gómez scores
Ron Campbell to third
Runner from 3rd tries for Home, SAFE, no throw
Batting: RHB Andrés Bustamante 0-0: Called Strike
0-1: Called Strike
0-2: Ball
1-2: Foul Ball, location: 2F
1-2: Foul Ball, location: 2F
1-2: Ball
2-2: Strikes out swinging
Bottom of the 6th over - 7 run(s), 4 hit(s), 2 error(s), 1 left on base; Beaverton 5 - Kenosha 10
TOP OF THE 7TH
Beaverton Bronze Souls batting - Pitching for Kenosha Kingfish : RHP Edwin Manning
Batting: RHB Ed Nygaard 0-0: Foul Ball, location: 2F
0-1: Ball
1-1: Foul Ball, location: 2F
1-2: Ground out 1-3 (Groundball, P)
Batting: RHB Rubén Ramírez 0-0: Called Strike
0-1: Foul Ball, location: 2F
0-2: Ball
1-2: Ball
2-2: Fly out, F9 (Flyball, 9)
Batting: LHB Gabriel Aguilera 0-0: Ball
1-0: Ball
2-0: Fly out, F8 (Flyball, 8LM)
Top of the 7th over - 0 run(s), 0 hit(s), 0 error(s), 0 left on base; Beaverton 5 - Kenosha 10
BOTTOM OF THE 7TH
Kenosha Kingfish batting - Pitching for Beaverton Bronze Souls : LHP Reynaldo Vázquez
Batting: LHB Juan Rodríguez 0-0: Ball
1-0: Ball
2-0: Ball
3-0: Foul Ball, location: 2F
3-1: Base on Balls
Batting: RHB Ben Kearley 0-0: 2-RUN HOME RUN (Flyball, 78XD), Distance : 426 ft
Batting: RHB Millard Ferguson 0-0: Called Strike
0-1: Swinging Strike
0-2: Ball
1-2: Fly out, F9 (Flyball, 9)
Batting: RHB Juan Escalante 0-0: Ball
1-0: Ball
2-0: DOUBLE (Line Drive, 7LS)
Batting: RHB David Barker 0-0: Ball
1-0: Called Strike
1-1: Ball
2-1: Ball
3-1: SINGLE (Groundball, 6D)
Juan Escalante to third
Runner from 3rd tries for Home, SAFE, throw made home
David Barker to second
Pitching: RHP Roberto Carbaja
Batting: LHB Miguel Gómez 0-0: Called Strike
0-1: Called Strike
0-2: Ball
1-2: Strikes out swinging
Batting: RHB Ron Campbell 0-0: Foul Ball, location: 2F
0-1: Ball
1-1: Ball
2-1: Called Strike
2-2: Ball
3-2: Foul Ball, location: 2F
3-2: Base on Balls
Batting: RHB Alejandro Ramírez 0-0: Ball
1-0: Ball
2-0: Fielders Choice at 2nd, 6-4 (Groundball, 6)
Bottom of the 7th over - 3 run(s), 3 hit(s), 0 error(s), 1 left on base; Beaverton 5 - Kenosha 13
TOP OF THE 8TH
Beaverton Bronze Souls batting - Pitching for Kenosha Kingfish : RHP Edwin Manning
Now at 2B: Esteban Ayala
Batting: RHB José Dávila 0-0: Ball
1-0: Swinging Strike
1-1: Ball
2-1: Called Strike
2-2: Ball
3-2: Base on Balls
Batting: RHB Michael Fisher 0-0: Ball
Wild Pitch!
José Dávila to second
1-0: Called Strike
1-1: Fly out, F9 (Flyball, 9S)
Batting: RHB Vincente López 0-0: Called Strike
0-1: Called Strike
0-2: Ball
1-2: Ball
2-2: Foul Ball, location: 2F
2-2: Strikes out swinging
Batting: LHB Cade Brown 0-0: Ball
1-0: Ball
2-0: Called Strike
2-1: Foul Ball, location: 2F
2-2: Strikes out swinging
Top of the 8th over - 0 run(s), 0 hit(s), 0 error(s), 1 left on base; Beaverton 5 - Kenosha 13
BOTTOM OF THE 8TH
Kenosha Kingfish batting - Pitching for Beaverton Bronze Souls : RHP Roberto Carbaja
Batting: RHB Andrés Bustamante 0-0: Ball
1-0: Ball
2-0: Ball
3-0: Called Strike
3-1: Called Strike
3-2: Foul Ball, location: 2F
3-2: Foul Ball, location: 2F
3-2: SINGLE (Groundball, 34D)
Batting: LHB Juan Rodríguez 0-0: Ball
1-0: Foul Ball, location: 2F
1-1: Swinging Strike
1-2: Ball
Wild Pitch!
Andrés Bustamante to second
2-2: Fly out, F5 (Flyball, 56D)
Batting: RHB Ben Kearley 0-0: Swinging Strike
0-1: Called Strike
0-2: Ball
1-2: Ball
2-2: Foul Ball, location: 2F
2-2: Foul Ball, location: 2F
2-2: Foul Ball, location: 2F
2-2: Foul Ball, location: 2F
2-2: Foul Ball, location: 2F
2-2: Ball
3-2: Base on Balls
Pitching: RHP Marcos Reyes
Batting: RHB Millard Ferguson 0-0: Ball
1-0: Foul Ball, location: 2F
1-1: Ball
2-1: Ball
3-1: Base on Balls
Andrés Bustamante to third
Ben Kearley to second
Batting: RHB Juan Escalante 0-0: SINGLE (Line Drive, 8LS)
Andrés Bustamante scores
Ben Kearley to third
Millard Ferguson to second
Batting: RHB David Barker 0-0: Ball
1-0: Foul Ball, location: 2F
1-1: Foul Ball, location: 2F
1-2: Ball
2-2: TRIPLE (Flyball, 7)
Ben Kearley scores
Millard Ferguson scores
Juan Escalante scores
Batting: LHB Miguel Gómez 0-0: Called Strike
0-1: Swinging Strike
0-2: Foul Ball, location: 2F
0-2: Strikes out swinging
Batting: RHB Esteban Ayala 0-0: Ball
1-0: Ball
2-0: SINGLE (Line Drive, 4D)
David Barker scores
Pitching: LHP Lorenzo Guzmán
Batting: RHB Alejandro Ramírez 0-0: Ball
1-0: Ball
2-0: Called Strike
2-1: Fielders Choice at 2nd, 6-4 (Groundball, 6)
Bottom of the 8th over - 5 run(s), 4 hit(s), 0 error(s), 0 left on base; Beaverton 5 - Kenosha 18
TOP OF THE 9TH
Beaverton Bronze Souls batting - Pitching for Kenosha Kingfish : RHP Edwin Manning
Batting: LHB Chris White 0-0: Ball
1-0: Swinging Strike
1-1: Swinging Strike
1-2: Strikes out looking
Batting: LHB Clinton O'Brien 0-0: Ball
1-0: Ball
2-0: Reached on error, E7 (Flyball, 7S)
Batting: RHB Ed Nygaard 0-0: Foul Ball, location: 2F
0-1: Ball
1-1: Ball
2-1: Foul Ball, location: 2F
2-2: Fly out, F9 (Flyball, 9LS)
Batting: RHB Rubén Ramírez 0-0: Ball
1-0: Foul Ball, location: 2F
1-1: Fly out, F8 (Flyball, 89M)
Top of the 9th over - 0 run(s), 0 hit(s), 1 error(s), 1 left on base; Beaverton 5 - Kenosha 18
Tuesday, August 8th, 2017 - OOTP Baseball 17.12 Build 75